 Dungeon Crawl Stone Soup version 0.27-a0-291-gd9602db6ee (webtiles) character file.

Game seed: 8737491735128700340

183 runemasterragnar the Ducker (level 5, -2/36 HPs)
             Began as an Octopode Fighter on Feb 10, 2021.
             Slain by a sky beast (6 damage)
             ... on level 4 of the Dungeon.
             The game lasted 00:02:43 (3639 turns).

runemasterragnar the Ducker (Octopode Fighter)      Turns: 3639, Time: 00:02:44

Health: -2/36      AC:  1    Str: 16    XL:     5   Next: 62%
Magic:  14/14      EV: 11    Int: 11    God:
Gold:   107        SH:  9    Dex: 11    Spells: 4/4 levels left

rFire    + . .     SeeInvis .   a - +0 long sword
rCold    x . .     Faith    .   b - +0 kite shield
rNeg     . . .     Spirit   .   (helmet restricted)
rPois    .         Reflect  .   (no amulet)
rElec    .         Harm     .   m - ring of flight
rCorr    .         Rampage  .   i - +4 ring of slaying
Will     .....                  d - ring of fire
Stlth    +++.......             o - ring of magical power
HPRegen  0.12/turn              (no ring)
MPRegen  0.14/turn              (no ring)
                                (no ring)
                                (no ring)

@: flying
A: almost no armour, stealthy swim, amphibious, 8 rings, constrict 8, camouflage
1, gelatinous body 1
a: no special abilities


You were on level 4 of the Dungeon.
You visited 1 branch of the dungeon, and saw 4 of its levels.

You collected 107 gold pieces.

Inventory:

Hand Weapons
 a - a +0 long sword (weapon)
Missiles
 e - 5 atropa-tipped darts (quivered)
Armour
 b - a +0 kite shield (worn)
Jewellery
 d - a ring of fire (on tentacle)
 h - an uncursed amulet of reflection {unknown}
 i - a +4 ring of slaying (right tentacle)
 m - a ring of flight (left tentacle)
 o - a ring of magical power (on tentacle)
Wands
 s - a wand of acid (11)
Scrolls
 j - a scroll of teleportation {unknown}
 p - a scroll of identify {unknown}
 q - 2 scrolls of enchant armour {unknown}
 r - a scroll of random uselessness {unknown}
Potions
 c - 2 potions of might
 f - a potion of flight
 g - 2 potions of cancellation {unknown}
 k - a potion of ambrosia {unknown}
 l - a potion of magic {unknown}
 n - a potion of heal wounds {unknown}
 t - a potion of degeneration {unknown}


   Skills:
 + Level 3.3 Fighting
 * Level 3.0 Long Blades
 * Level 1.9 Throwing
 + Level 3.4 Dodging
 + Level 2.6 Stealth
 + Level 3.4 Shields
 + Level 1.4 Unarmed Combat
 * Level 1.0 Evocations


You had 4 spell levels left.
You didn't know any spells.
Your spell library was empty.

Dungeon Overview and Level Annotations

Branches:
Dungeon (4/15)
 Temple: D:4-7

Altars:
Kikubaaqudgha
Yredelemnul


Innate Abilities, Weirdness & Mutations

You cannot wear most types of armour.
You are very stealthy in the water. (Stealth+)
You are amphibious.
You can wear up to eight rings at the same time.
You can use your tentacles to constrict eight enemies at once.
Your skin changes colour to match your surroundings (Stealth+).
Your rubbery body absorbs attacks. (AC +1, EV +1)


Message History

Something hits you but does no damage.
You hit something. You squeeze something! Something hits you.
Something shocks you.
You hit something. Your squeeze misses something.
Something hits you but does no damage. Something hits you.
Something shocks you.
A sky beast appears from thin air!
Reactivating autopickup.
The sky beast flickers out of sight!
Deactivating autopickup; reactivate with Ctrl-A.
Something hits you.
* * * LOW HITPOINT WARNING * * *
Something shocks you.
* * * LOW HITPOINT WARNING * * *
It was a potion of flight.
You feel very buoyant.
You fly up into the air.
Something hits you.
* * * LOW HITPOINT WARNING * * *
Something shocks you.
You die...

############# ###
#...[...)@..##
..######.########...##
.........#######.....###
.......................######
.........#######............#
..######.# #..(..#.####.#
..######.#######.###.#.#
..................)..#.##
.#.#####................+


There were no monsters in sight!

Vanquished Creatures
  Blork the orc (D:4)
  Jessica (D:3)
  Robin (D:2)
  4 worms
  2 leopard geckos
  5 orcs
  2 ball pythons (D:1)
  A giant cockroach (D:1)
  10 goblins
  11 hobgoblins
  4 jackals (D:1)
  5 kobolds
  A bat (D:1)
  3 frilled lizards
  4 rats
  A spectral orc (D:2)
56 creatures vanquished.

Vanquished Creatures (others)
  5 plants (D:4)
5 creatures vanquished.

Grand Total: 61 creatures vanquished

Notes
Turn   | Place    | Note
-------+----------+-------------------------------------------
     0 | D:1      | runemasterragnar the Octopode Fighter began the quest for
                  | the Orb.
     0 | D:1      | Reached XP level 1. HP: 16/16 MP: 1/1
   256 | D:1      | Reached XP level 2. HP: 21/21 MP: 2/2
   743 | D:1      | Reached skill level 1 in Stealth
  1146 | D:1      | Reached XP level 3. HP: 26/26 MP: 3/3
  1243 | D:2      | Found an ancient bone altar of Kikubaaqudgha.
  1253 | D:2      | Noticed Robin
  1256 | D:2      | Reached skill level 1 in Throwing
  1551 | D:2      | Killed Robin
  1948 | D:2      | Found a basalt altar of Yredelemnul.
  2239 | D:2      | Reached XP level 4. HP: 18/31 MP: 4/4
  2588 | D:3      | Reached skill level 1 in Unarmed Combat
  2901 | D:3      | Noticed Jessica
  2908 | D:3      | Killed Jessica
  3352 | D:4      | Noticed Blork the orc
  3362 | D:4      | Killed Blork the orc
  3363 | D:4      | Reached skill level 1 in Evocations
  3363 | D:4      | Reached XP level 5. HP: 21/36 MP: 5/5
  3614 | D:4      | Noticed a sky beast
  3639 | D:4      | Slain by a sky beast

Illustrated notes

Levels and vault maps discovered:
D:1:      lightli_arrival_farm, layout_basic
D:2:      layout_rooms, yredelemnul_forgotten_temple_becter,
          nicolae_overflow_crystal_walls, uniq_robin
D:3:      layout_loops_ring, uniq_jessica
D:4:      wad_lake_hut, layout_loops_ring, kennysheep_mini,
          minmay_temple_entry_stoned_glass, uniq_natasha, uniq_blork_the_orc

Skill      XL: |  1  2  3  4 |
---------------+-------------+-----
Stealth        | 1 2 |  2.6
Throwing       | 1 |  1.9
Unarmed Combat | 1 |  1.4
Long Blades    | 3 |  3.0
Evocations     | 1 |  1.0
Fighting       | |  3.3
Dodging        | |  3.4
Shields        | |  3.4

Action                   |  1- 3 |  4- 6 || total
-------------------------+-------+-------++-------
Melee: Long sword        |    68 |    33 ||   101
       Constrict         |    18 |     8 ||    26
       Tentacles         |     6 |     4 ||    10
Throw: Dart              |       |     4 ||     4
  Use: Scroll            |     2 |       ||     2
       Potion            |       |     1 ||     1
 Stab: Sleeping          |     6 |     5 ||    11
Armor: Skin              |     2 |     2 ||     4
Dodge: Dodged            |    33 |    10 ||    43
Block: Kite shield       |    28 |    13 ||    41
       Rpst.: Long sword |    11 |     2 ||    13

Table legend: (Time is in decaauts)
 A = Elapsed time spent in this place.
 B = Non-inter-level travel time spent in this place.
 C = Inter-level travel time spent in this place.
 D = Time resting spent in this place.
 E = Time spent auto-exploring this place.
 F = Levels seen in this place.
 G = Mean time per level.
                   A        B        C        D        E       F      G
               +--------+--------+--------+--------+--------+-----+--------+
         Total |   3690 |   3539 |    151 |    494 |   2659 |   4 |  922.5 |
       Dungeon |   3690 |   3539 |    151 |    494 |   2659 |   4 |  922.5 |
               +--------+--------+--------+--------+--------+-----+--------+

Top non-repeatable levels by time:
     D:1: 1544 daAuts
     D:2: 1063 daAuts
     D:3: 789 daAuts
     D:4: 293 daAuts
